Map: Torres Crepusculares

Players

Smile

  • Race: Terran Terran
  • League: Grandmaster

TheZergLord - Winner!

  • Race: Zerg Zerg
  • League: Master

VOD

Have the link to the VOD?

Description

Time

  • Played on: Feb. 22, 2016, 1:54 p.m.
  • Length: 14:24
Show
View Real Time Build Order
Export as new Build Order

Smile Terran 

Build Orders: Reaper Expand, Bio Mine 

Get SALT Encoding   

  12  0:01  SCV  
  13  0:13  SCV  
  14  0:19  Supply Depot  
  14  0:25  SCV  
  15  0:41  SCV  
  16  0:43  Barracks  
  16  0:45  Refinery  
  16  0:53  SCV  
  17  1:05  SCV  
  18  1:17  SCV  
  19  1:30  Orbital Command  
  19  1:31  Reaper  
  20  1:43  Command Center  
  20  1:56  Supply Depot  
  20  2:01  SCV  
  21  2:03  Marine  
  22  2:13  Factory, Refinery  
  22  2:16  SCV  
  23  2:24  Barracks Reactor  
  23  2:28  SCV  
  24  2:40  SCV  
  25  2:52  SCV  
  25  2:55  Orbital Command  
  26  2:59  Starport  
  26  3:01  Marine  
  26  3:02  Factory Tech Lab, Marine  
  26  3:04  SCV  
  29  3:16  SCV  
  29  3:23  Siege Tank  
  29  3:24  SCV  
  29  3:25  Marine x2  
  35  3:35  SCV  
  35  3:36  Command Center  
  35  3:38  SCV  
  35  3:40  Medivac  
  39  3:44  Supply Depot  
  39  3:48  Refinery  
  39  3:49  Marine  
  39  3:54  Marine  
  41  4:00  Siege Tank  
  41  4:01  SCV x2  
  46  4:13  SCV x2  
  46  4:16  Marine x2  
  50  4:17  Medivac  
  50  4:23  Refinery  
  52  4:25  SCV x2  
  52  4:27  Supply Depot  
  54  4:35  Siege Tank  
  54  4:36  Marine x2  
  54  4:37  SCV  
  60  4:38  SCV  
  61  4:49  SCV  
  61  4:51  SCV  
  63  4:53  Orbital Command  
  63  4:54  Starport Reactor  
  63  5:01  SCV  
  63  5:03  SCV  
  65  5:13  Engineering Bay, SCV  
  68  5:14  Engineering Bay  
  68  5:15  SCV  
  68  5:20  SCV  
  68  5:25  Factory Reactor  
  68  5:27  Barracks  
  68  5:29  Barracks  
  68  5:30  Orbital Command  
  68  5:34  SCV  
  68  5:35  Medivac, Stimpack  
  71  5:38  SCV  
  71  5:42  Supply Depot  
  72  5:45  Marine  
  72  5:46  SCV  
  74  5:50  SCV  
  74  5:56  Terran Infantry Weapons Level 1  
  75  5:57  SCV  
  75  5:58  SCV  
  75  6:03  Marine  
  77  6:09  Widow Mine x2  
  81  6:12  Terran Infantry Armor Level 1  
  81  6:14  SCV x2  
  81  6:17  SCV  
  83  6:20  Barracks Reactor  
  83  6:26  SCV  
  83  6:27  Barracks  
  83  6:29  Barracks  
  83  6:30  SCV  
  85  6:39  SCV  
  81  6:41  Widow Mine x2  
  81  6:42  Medivac x2  
  81  6:43  Marine x3  
  81  6:47  SCV x2  
  89  6:49  Refinery  
  89  6:56  Marine x2  
  89  6:57  Armory  
  89  7:00  Marine  
  92  7:03  Supply Depot  
  92  7:04  Supply Depot  
  92  7:07  SCV  
  93  7:09  Missile Turret  
  93  7:10  Missile Turret  
  93  7:13  Missile Turret  
  93  7:27  SCV  
  94  7:30  Barracks Reactor x2  
  94  7:31  Reaper, Medivac x2  
  94  7:33  SCV  
  94  7:35  Barracks  
  94  7:36  Barracks  
  100  7:37  Supply Depot, Factory  
  100  7:38  Barracks  
  100  7:50  Widow Mine x2, Marine x4  
  108  8:02  SCV  
  108  8:03  Marine  
  110  8:05  Marine  
  110  8:06  Medivac, Marine x3  
  110  8:08  Marine  
  117  8:13  Marine  
  117  8:15  Marine  
  117  8:16  Medivac, Marine  
  117  8:22  Factory Tech Lab  
  117  8:23  Supply Depot  
  117  8:25  Marine x4, Refinery  
  121  8:28  Barracks Tech Lab x2  
  121  8:29  Barracks Tech Lab  
  119  8:40  Marine  
  119  8:41  Marauder, Thor  
  122  8:43  Terran Infantry Armor Level 2, Terran Infantry Weapons Level 2  
  122  8:46  Terran Vehicle Weapons Level 1  
  128  8:58  Combat Shields, Marine, Marauder  
  128  8:59  Marauder, Concussive Shells, Marine  
  128  9:00  Marauder  
  124  9:06  Marine x5  
  120  9:22  Marauder, Marine x2  
  121  9:24  Marine  
  121  9:25  Marauder x2  
  121  9:31  Marine x2  
  122  9:32  Marauder, Drilling Claws  
  122  9:36  Thor  
  130  9:44  Marauder  
  130  9:47  Marine  
  130  9:48  Widow Mine x2, Marauder, Marine x3  
  138  10:00  Marine  
  138  10:01  Marine x2  
  141  10:07  Supply Depot  
  141  10:09  Marauder, Command Center, Marine  
  141  10:10  Supply Depot, Marine  
  145  10:15  Marine x2  
  145  10:16  Marauder  
  149  10:22  Supply Depot  
  149  10:29  Marauder  
  149  10:33  Marine x2  
  149  10:34  Marauder  
  153  10:48  Marine x2  
  153  10:49  Marauder x2  
  158  10:50  Terran Vehicle Weapons Level 2  
  158  10:51  Marine x2  
  158  10:52  Marauder  
  162  10:58  Ghost Academy  
  161  11:10  Marine  
  161  11:11  Marauder, Marine x4, Thor  
  157  11:12  Marauder, Marine  
  157  11:13  Marauder x2  
  135  11:32  Marine  
  134  11:33  Widow Mine x2, Marauder, Marine x2  
  134  11:35  Marine  
  134  11:36  Marauder  
  105  11:49  Marine x4  
  105  11:50  Marauder  
  105  11:51  Marine x2  
  105  11:52  Marauder, Marine  
  105  11:53  Marine  
  108  11:54  Widow Mine  
  108  12:01  Marauder, Marine  
  89  12:02  Widow Mine x2  
  89  12:07  Marine x2  
  90  12:09  Marine  
  90  12:11  Marauder, Marine x4  
  90  12:13  Marauder  
  96  12:17  SCV  
  89  12:23  Marine x2  
  89  12:24  Marauder  
  89  12:25  Marine x2  
  83  12:30  Medivac  
  83  12:31  Medivac  
  87  12:39  Marine x5  
  87  12:43  Widow Mine  
  94  12:45  Widow Mine  
  94  12:46  Widow Mine  
  98  12:51  Marine x2  
  98  12:52  Marine  
  92  13:13  Widow Mine  
  92  13:14  Widow Mine  
  92  13:15  Marauder, Marine  
  92  13:19  Marine x2  
  100  13:20  Marine x3  
  104  13:28  Marine  
  104  13:29  Marauder, Marine x3  
  110  13:35  Marine  
  110  13:36  Marine  
  112  13:47  Marauder x2  
  79  14:03  Marine  
Show
View Real Time Build Order
Export as new Build Order

TheZergLord Zerg - Winner!

Build Orders: Hatch First, Muta Ling Bane 

Get SALT Encoding   

  12  0:01  Drone  
  13  0:12  Overlord  
  13  0:17  Drone  
  14  0:31  Drone x2  
  14  0:34  Drone  
  17  0:53  Hatchery  
  17  0:55  Drone  
  17  1:08  Spawning Pool  
  16  1:12  Drone  
  16  1:14  Extractor  
  16  1:16  Drone  
  17  1:20  Drone  
  18  1:28  Drone  
  19  1:39  Overlord  
  19  1:55  Queen  
  19  1:56  Zergling x2  
  19  2:01  Zergling x2  
  23  2:05  Zergling x2, Queen  
  26  2:11  Drone  
  27  2:16  Metabolic Boost  
  27  2:19  Drone  
  27  2:22  Drone  
  29  2:29  Drone  
  30  2:43  Queen  
  32  2:54  Overlord, Hatchery  
  32  2:57  Drone x2  
  33  3:00  Drone  
  33  3:01  Drone  
  35  3:15  Overlord  
  35  3:16  Drone x2  
  35  3:19  Drone x2  
  40  3:20  Drone x2  
  40  3:24  Drone x2  
  43  3:27  Drone  
  44  3:38  Drone  
  44  3:39  Queen  
  44  3:40  Queen  
  49  3:49  Overlord x2  
  49  3:52  Drone  
  49  3:53  Drone x2  
  52  4:04  Spine Crawler  
  52  4:06  Overlord  
  52  4:08  Queen  
  53  4:10  Drone x3  
  53  4:13  Drone x2  
  58  4:18  Drone x3  
  58  4:19  Drone  
  58  4:23  Queen  
  64  4:30  Lair  
  64  4:31  Drone  
  64  4:35  Spore Crawler  
  64  4:37  Drone  
  65  4:41  Spore Crawler  
  65  4:44  Spore Crawler  
  61  4:56  Overlord  
  61  4:57  Drone x13  
  74  5:11  Overlord  
  74  5:21  Overlord x2  
  74  5:25  Hatchery  
  71  5:37  Extractor  
  71  5:38  Extractor  
  71  5:39  Evolution Chamber x2  
  71  5:41  Drone x11  
  78  5:43  Extractor  
  78  5:44  Extractor  
  78  5:45  Baneling Nest  
  78  5:46  Zergling x2  
  76  5:51  Zergling x2  
  76  6:12  Zerg Ground Armor Level 1, Zerg Melee Weapons Level 1  
  76  6:17  Extractor  
  76  6:18  Zergling x8  
  78  6:19  Hatchery, Zergling x14  
  78  6:21  Drone  
  85  6:39  Hatchery  
  77  6:47  Centrifical Hooks  
  77  6:49  Drone x5  
  77  6:50  Drone x8  
  77  6:51  Spire  
  89  6:55  Baneling x8  
  89  6:56  Zergling x4  
  91  7:07  Pneumatized Carapace  
  91  7:08  Drone  
  91  7:09  Queen  
  94  7:19  Drone  
  94  7:20  Zergling x10  
  94  7:21  Zergling x4  
  94  7:22  Hatchery  
  101  7:25  Overlord x4  
  101  7:33  Overlord  
  101  7:34  Overlord, Queen  
  101  7:36  Zergling x2  
  101  7:37  Zergling x2  
  105  7:39  Baneling x5  
  105  7:48  Zergling x2  
  105  7:49  Zergling x12  
  105  7:50  Zergling x4  
  107  8:06  Mutalisk  
  107  8:07  Mutalisk x8  
  118  8:23  Drone  
  118  8:24  Drone x9  
  118  8:25  Queen  
  118  8:26  Infestation Pit  
  129  8:27  Zerg Melee Weapons Level 2  
  129  8:37  Zerg Ground Armor Level 2  
  129  8:39  Baneling x4  
  128  8:43  Overseer  
  128  8:44  Zergling x6  
  128  8:45  Zergling x6  
  133  8:56  Zergling x12  
  133  8:57  Zergling x6  
  137  9:07  Zergling x2  
  137  9:08  Zergling x20  
  131  9:33  Hive  
  131  9:36  Drone  
  131  9:37  Drone x7  
  139  9:39  Extractor  
  139  9:40  Extractor  
  139  9:44  Drone x2  
  139  9:45  Drone x4  
  141  9:48  Mutalisk x5  
  141  9:51  Zergling x10  
  156  9:53  Baneling x3  
  156  9:58  Mutalisk  
  156  9:59  Mutalisk  
  158  10:09  Baneling  
  158  10:10  Baneling x5, Zergling x2  
  158  10:11  Zergling x24  
  158  10:13  Overlord x3  
  171  10:21  Overlord x2  
  170  10:41  Zergling x2  
  170  10:42  Zergling x44  
  193  10:46  Baneling x3  
  193  10:47  Baneling x6  
  185  10:52  Mutalisk x4  
  181  11:04  Queen  
  155  11:26  Adrenal Glands  
  155  11:28  Zerg Ground Armor Level 3, Zerg Melee Weapons Level 3  
  155  11:30  Ultralisk Cavern  
  155  11:32  Hatchery  
  153  11:37  Zergling x28  
  153  11:38  Zergling x8  
  121  12:25  Chitinous Plating  
  121  12:27  Ultralisk x5  
  121  12:28  Ultralisk  
  154  12:33  Baneling  
  154  12:34  Baneling x7  
  154  12:44  Mutalisk x3  
  160  13:02  Extractor  
  160  13:04  Extractor  
  158  13:12  Hatchery  
  153  13:13  Ultralisk x2  
  165  13:33  Ultralisk x2  
  168  13:52  Zergling x4  
  168  13:53  Zergling x8  
Tags
 
Add a new tag
Caveats
  • Supply blocks, unpowered buildings, or Contaminate may cause inaccurate times.
  • Supply counts are checked every 10 seconds.